 Dungeon Crawl Stone Soup version 0.18-a0-1266-g3be6530 (webtiles) character file.

46 RedPan the Sneak (level 3, -9/24 HPs)
             Began as a Vampire Enchanter on Feb 6, 2016.
             Mangled by a kobold
             ... wielding a +0 whip of electrocution
              (20 damage)
             ... on level 2 of the Dungeon.
             The game lasted 00:02:59 (2116 turns).

RedPan the Sneak (Vampire Enchanter)                Turns: 2116, Time: 00:03:00

Health: -9/24      AC:  3    Str:  7    XL:     3   Next: 46%
Magic:  6/6        EV: 12    Int: 18    God:
Gold:   105        SH:  0    Dex: 14    Spells: 2 memorised, 3 levels left

rFire  . . .     SeeInvis +     a - +1 dagger
rCold  + . .     Gourm    .     b - +1 robe
rNeg   + + .     Faith    .     (no shield)
rPois  +         Spirit   .     (no helmet)
rElec  .         Dismiss  .     (no cloak)
rCorr  .         Reflect  .     (no gloves)
SustAt .         Harm     .     (no boots)
MR     +....                    (no amulet)
Stlth  ++++......               (no ring)
                                l - ring of protection from magic

@: regenerating slowly, somewhat resistant to hostile enchantments, stealthy
A: fangs 3, see invisible, unbreathing
a: Bat Form


You were on level 2 of the Dungeon.
You were thirsty.

You visited 1 branch of the dungeon, and saw 2 of its levels.

You collected 105 gold pieces.

Inventory:

Hand Weapons
 a - a +1 dagger (weapon)
Armour
 b - a +1 robe (worn)
Jewellery
 l - a ring of protection from magic (left hand)
Scrolls
 e - a scroll of fear {unknown}
 g - 3 scrolls of identify {unknown}
 i - a scroll of teleportation {unknown}
 j - a scroll of fog {unknown}
Potions
 d - 10 potions of blood
 f - a potion of berserk rage {unknown}
 h - a potion of cancellation {unknown}
 k - a potion of agility {unknown}
 m - a potion of heal wounds {unknown}
Books
 c - a book of Maledictions

   Spells                             Type                      Level
   a - Corona                         Hexes                        1
   b - Ensorcelled Hibernation        Hexes/Ice                    2
   c - Confuse                        Hexes                        3
   d - Tukima's Dance                 Hexes                        3
   e - Dazzling Spray                 Conjuration/Hexes            3


   Skills:
 - Level 1.1 Short Blades
 - Level 2.1 Dodging
 + Level 7.0 Stealth
 - Level 2.0 Spellcasting
 - Level 4.4 Hexes


You had 3 spell levels left.
You knew the following spells:

 Your Spells              Type           Power        Failure   Level  Hunger
a - Corona                Hex            ###....      3%          1    #......
b - Ensorcelled Hibernat  Hex/Ice        #.....       12%         2    ###....


Dungeon Overview and Level Annotations

Branches:
Dungeon (2/15)

Altars:
Ashenzari


Innate Abilities, Weirdness & Mutations

You heal slowly.
You have razor-sharp teeth.
You have supernaturally acute eyesight.
You can survive without breathing.


Message History

You hit the hobgoblin but do no damage. The hobgoblin hits you.
The kobold throws a stone.
The stone hits you but does no damage.
You hit the hobgoblin.
The hobgoblin is moderately wounded.
The hobgoblin hits you but does no damage.
You hit the hobgoblin. Your bite misses the hobgoblin.
The hobgoblin is almost dead.
The hobgoblin closely misses you.
You closely miss the hobgoblin.
The hobgoblin is almost dead.
The kobold throws a stone.
The stone barely misses you. The hobgoblin completely misses you.
You hit the hobgoblin.
You kill the hobgoblin!
Your Stealth skill increases to level 7!
The kobold throws a stone.
The stone misses you.
The kobold hits you with a whip of electrocution.
You are electrocuted!
Ouch! That really hurt!
You die...

... ###.##..#### +......
........# #
......######..##.####
...................# #
...#........##.##.# #.
..#.........#.##.# ..
#.#.........#.##.#
#.###.#†#.........#.##.#
......K@(....(......##.#
#.###.#.##..#.##.).....#
# #.##....#....>#..#
#.##....#####.#..#
#.......# #.#..#
####....# #.#... #....#
#.##.# #....# #)#...
#....# #.# ##


You could see a kobold.

Vanquished Creatures
  An ooze (D:1)
  A worm (D:1)
  2 giant geckos (D:1)
  2 giant cockroaches (D:1)
  3 goblins (D:1)
  7 hobgoblins
  A quokka (D:2)
  7 bats
  3 giant newts (D:1)
  5 kobolds
  5 rats
37 creatures vanquished.

Notes
Turn   | Place    | Note
--------------------------------------------------------------
     0 | D:1      | RedPan the Vampire Enchanter began the quest for the Orb.
     0 | D:1      | Reached XP level 1. HP: 13/13 MP: 3/3
    69 | D:1      | Reached skill level 5 in Stealth
   372 | D:1      | Reached XP level 2. HP: 19/19 MP: 5/5
   856 | D:1      | Reached skill level 6 in Stealth
   862 | D:1      | Learned a level 2 spell: Ensorcelled Hibernation
  1064 | D:1      | Found a shattered altar of Ashenzari.
  1304 | D:1      | Reached XP level 3. HP: 24/24 MP: 6/6
  2115 | D:2      | Reached skill level 7 in Stealth
  2116 | D:2      | Mangled by a kobold

Vault maps used:
D:1:      evilmike_arrival_rings, ashenzari_altar_1

Action                   || total
-------------------------++-------
Melee: Dagger            ||   158
 Cast: Ensorcelled Hiber ||     1
  Use: Potion            ||     1
 Stab: Sleeping          ||     8
       Distracted        ||     1
